Map: King Sejong Station LE

Players

Gracz

  • Race: Zerg Zerg
  • League: Bronze

BuranMCMLII

  • Race: Zerg Zerg

VOD

Have the link to the VOD?

Description

Time

  • Played on: Aug. 29, 2016, 4:28 a.m.
  • Length: 4:22
Show
View Real Time Build Order
Export as new Build Order

Gracz Zerg 

Build Orders: Hatch First 

Get SALT Encoding   

  12  0:11  Drone x2  
  14  0:41  Extractor, Drone  
  15  0:53  Overlord  
  15  0:54  Overlord  
  15  1:06  Extractor  
  14  1:12  Hatchery  
  14  1:15  Spawning Pool  
  12  1:22  Drone  
  13  1:47  Drone x3  
  16  2:06  Zergling x2  
  16  2:07  Queen  
  19  2:30  Zergling x6  
  22  2:38  Drone  
  23  2:44  Extractor  
  23  2:45  Drone  
  23  2:46  Zergling x2  
  24  3:07  Baneling Nest  
  23  3:16  Zergling x10  
  28  3:21  Overlord x2  
  28  3:42  Zergling x2, Drone  
  30  4:03  Baneling x3  
  30  4:04  Baneling x2  
  30  4:05  Baneling  
Show
View Real Time Build Order
Export as new Build Order

BuranMCMLII Zerg 

Build Orders: Hatch First 

Get SALT Encoding   

  12  0:01  Drone  
  13  0:13  Drone  
  14  0:19  Extractor  
  14  0:20  Drone  
  15  0:47  Hatchery  
  14  0:52  Extractor  
  14  0:54  Drone  
  14  1:04  Spawning Pool  
  14  1:08  Overlord  
  13  1:14  Drone  
  14  1:26  Drone  
  14  1:27  Drone  
  16  1:49  Drone x2  
  16  1:52  Drone  
  19  1:54  Queen  
  21  2:02  Queen  
  23  2:12  Drone  
  23  2:13  Drone x2  
  26  2:19  Overlord  
  26  2:38  Drone x4  
  30  2:54  Drone x2  
  30  2:55  Drone  
  30  2:57  Drone  
  34  3:03  Drone  
  35  3:09  Drone  
  36  3:18  Evolution Chamber  
  35  3:27  Baneling Nest  
  35  3:31  Drone x2  
  35  3:33  Overlord x2  
  36  3:39  Spine Crawler  
  35  3:48  Drone  
  35  3:53  Drone x5  
  35  3:54  Drone x2  
  43  3:58  Extractor  
  42  4:04  Extractor  
Tags
 
Add a new tag
Caveats
  • Supply blocks, unpowered buildings, or Contaminate may cause inaccurate times.
  • Supply counts are checked every 10 seconds.